 Dungeon Crawl Stone Soup version 0.18-a0-1774-gce1f7b6 (webtiles) character file.

7527 M4edhros the Covert (level 11, -2/69 HPs)
             Began as an Octopode Artificer on Apr 15, 2016.
             Was a Believer of Fedhas.
             Shot with an arrow by a centaur (10 damage)
             ... on level 11 of the Dungeon.
             The game lasted 00:24:20 (12478 turns).

M4edhros the Covert (Octopode Artificer)           Turns: 12478, Time: 00:24:21

Health: -2/69      AC:  1    Str: 11    XL:     11   Next: 16%
Magic:  15/15      EV: 14    Int: 14    God:    Fedhas [**....]
Gold:   571        SH: 10    Dex: 12    Spells: 1 memorised, 7 levels left

rFire  + . .     SeeInvis .     O - +4 dagger (chaos)
rCold  . . .     Gourm    .     M - +0 shield
rNeg   . . .     Faith    .     (helmet restricted)
rPois  .         Spirit   .     J - amulet of dismissal
rElec  .         Dismiss  +     n - ring of sustain attributes
rCorr  .         Reflect  .     u - ring of wizardry
SustAt +         Harm     .     (no ring)
MR     .....     Clarity  +     (no ring)
Stlth  ++++++....               (no ring)
                                (no ring)
                                (no ring)
                                (no ring)

@: not resistant to hostile enchantments, very stealthy
A: almost no armour, amphibious, 8 rings, constrict 8, tentacle spike 1,
camouflage 1, clarity, clumsy 2, fire resistance 1, robust 1, gelatinous body 1,
MP-powered wands
a: Evolution, Sunlight, Renounce Religion


You were on level 11 of the Dungeon.
You worshipped Fedhas.
Fedhas was pleased with you.
You were very hungry.

You visited 2 branches of the dungeon, and saw 12 of its levels.

You collected 571 gold pieces.

Inventory:

Hand Weapons
 y - a +0 blowgun
 I - a +5 hunting sling
 O - a +4 dagger of chaos (weapon)
Missiles
 o - 11 steel sling bullets
 p - 15 sling bullets of frost
 q - 331 stones (quivered)
 r - 38 sling bullets
 z - 75 poisoned needles
 A - 3 poisoned javelins
Armour
 L - a +0 buckler
 M - a +0 shield (worn)
Jewellery
 n - a ring of sustain attributes (left tentacle)
 u - a ring of wizardry (right tentacle)
 J - an amulet of dismissal (around mantle)
Wands
 b - a wand of flame (0/48)
 c - a wand of enslavement (0/24)
 d - a wand of random effects (11/48)
 j - a wand of confusion (10/48)
 C - a wand of flame (18/48)
 D - a wand of disintegration (6/24)
 F - a wand of polymorph (4/24)
 S - a wand of lightning (4/15)
 T - a wand of disintegration (9/24)
 V - a wand of teleportation (6/9)
 Z - a wand of iceblast (5/15)
Scrolls
 e - 2 scrolls of random uselessness {unknown}
 i - 4 scrolls of teleportation
 l - 3 scrolls of brand weapon {unknown}
 t - 3 scrolls of noise {unknown}
 v - 5 scrolls of recharging
 x - 4 scrolls of remove curse
 B - a scroll of amnesia
 G - a scroll of fog
 H - a scroll of immolation
 U - a scroll of holy word {unknown}
 Y - a scroll of identify
Potions
 h - a potion of agility
 k - a potion of brilliance
 m - 2 potions of lignification
 K - 2 potions of haste
 P - a potion of curing
 Q - a potion of ambrosia
Books
 E - a book of Necromancy

   Spells                             Type                      Level
   a - Pain                           Necromancy                   1
   b - Animate Skeleton               Necromancy                   1
   c - Vampiric Draining              Necromancy                   3
   d - Regeneration                   Charms/Necromancy            3
   e - Animate Dead                   Necromancy                   4
   f - Control Undead                 Necromancy                   4
 R - a book of Fire

   Spells                             Type                      Level
   a - Ignite Poison                  Fire/Transmutation/Poison    3
   b - Fireball                       Conjuration/Fire             5
   c - Bolt of Fire                   Conjuration/Fire             6
   d - Delayed Fireball               Conjuration/Fire             7
   e - Ring of Flames                 Charms/Fire                  7
 X - a book of Transfigurations

   Spells                             Type                      Level
   a - Irradiate                      Conjuration/Transmutation    5
   b - Statue Form                    Transmutation/Earth          6
   c - Hydra Form                     Transmutation                6
   d - Dragon Form                    Transmutation                7
Comestibles
 f - 6 bread rations
 g - a beef jerky
 w - 2 meat rations


   Skills:
 - Level 1.0 Fighting
 - Level 1.0 Short Blades
 - Level 7.6 Slings
 - Level 7.3 Dodging
 - Level 10.1 Stealth
 * Level 8.4 Shields
 - Level 4.0 Necromancy
 * Level 6.6 Invocations
 - Level 3.2 Evocations


You had 7 spell levels left.
You knew the following spells:

 Your Spells              Type           Power        Failure   Level  Hunger
a - Regeneration          Chrm/Necr      #.........   50%         3    ####...


Dungeon Overview and Level Annotations

Branches:
Dungeon (11/15)            Temple (1/1) D:4            Lair (0/8) D:9
    Orc: D:9-12

Altars:
Ashenzari
Cheibriados
Dithmenos
Fedhas
Kikubaaqudgha
Nemelex Xobeh
Qazlal
Ru
Sif Muna
Trog
Xom
Yredelemnul
Zin

Shops:
D:5 }

Annotations:
D:5 M4edhros's ghost, novice OpAr
D:11 1 runed door


Innate Abilities, Weirdness & Mutations

You cannot wear most types of armour.
You are amphibious.
You can wear up to eight rings at the same time.
You can use your tentacles to constrict eight enemies at once.
Your skin changes colour to match your surroundings (Stealth).
Your rubbery body absorbs attacks (AC +1).
One of your tentacles bears a spike.
You possess an exceptional clarity of mind.
You are very clumsy. (Dex -4)
Your flesh is heat resistant.
You are robust (+10% HP).
You expend magic power (3 MP) to strengthen your wands.


Message History

Found a ring mail.
You see here a ring mail.
Eat which item? (? for menu, Esc to quit)
This meat tastes really weird.
You feel resistant to heat.
Eat which item? (? for menu, Esc to quit)
This meat tastes really weird.
You feel weaker.
Eat which item? (? for menu, Esc to quit)
This meat tastes really weird.
You feel clumsy.
Eat which item? (? for menu, Esc to quit)
This meat tastes really weird.
You feel your magical essence link to your wands.
The centaur shoots an arrow.
The arrow hits you!
* * * LOW HITPOINT WARNING * * *
You see here an arrow.
The centaur shoots an arrow.
The arrow hits you!
You die...
Fedhas appreciates your contribution to the ecosystem.

#.......(.#####[.
.#.###
....................
......
###.######.#######
##.. #. #.# #.. #
#c# #.. #.# #.. #.#
#.. #.# #.. #@# #..
#(# #..
.≈.#####.######
#####..
#≈.............
........
#######.#######
######## #.# #.# #.#
#.#


You could see a centaur.

Vanquished Creatures
  Erica (D:8)
  A hill giant (D:11)
  A manticore (D:11)
  A cyclops (D:11)
  Psyche (D:8)
  A troll (D:11)
  2 blink frogs (D:9)
  4 yaks (D:11)
  A wyvern (D:6)
  4 orc warriors
  2 ice beasts
  2 sky beasts
  A black bear (D:10)
  A wasp (D:11)
  A phantom (D:8)
  An ogre (D:7)
  3 centaurs
  A wolf (D:8)
  A giant frog (D:9)
  2 scorpions
  4 howler monkeys
  2 jellies
  3 hounds
  3 centaur skeletons
  A giant frog skeleton (D:7)
  4 orc priests
  7 orc wizards
  3 iguanas
  7 human skeletons (D:7)
  4 worker ants
  A mummy (D:7)
  14 adders
  4 shadow imps
  2 oozes
  2 wandering mushrooms
  3 adder skeletons
  4 worms
  2 dart slugs
  3 giant geckos
  33 orcs
  7 giant cockroaches
  8 goblins
  9 hobgoblins
  18 jackals
  7 kobolds
  7 quokkas
  3 ball pythons
  8 bats
  8 giant newts
  7 rats
220 creatures vanquished.

Vanquished Creatures (collateral kills)
  Pikel (D:4)
  A spiny frog (D:9)
  Grum (D:8)
  A yak (D:11)
  2 wraiths
  2 orc warriors
  An ice beast (D:9)
  2 wolves (D:8)
  A phantom (D:8)
  2 sky beasts
  A centaur (D:7)
  An ogre (D:8)
  A crocodile (D:9)
  A giant frog (D:9)
  A wight (D:7)
  A howler monkey (D:5)
  2 orc priests
  A giant frog skeleton (D:4)
  A hound (D:11)
  2 orc wizards
  2 iguanas (D:9)
  A human skeleton (D:7)
  3 worker ants
  A mummy (D:7)
  A howler monkey skeleton (D:7)
  An ooze (D:4)
  9 orcs
  2 hobgoblins (D:2)
  A jackal (D:10)
  A quokka (D:4)
  A bat (D:2)
49 creatures vanquished.

Vanquished Creatures (others)
  11 wandering mushrooms
  A hound (D:4)
  An orc priest (D:9)
  A killer bee zombie (D:6)
  A worker ant zombie (D:10)
  An adder (D:2)
  An adder skeleton (D:4)
  A worm (D:2)
  139 toadstools
157 creatures vanquished.

Grand Total: 426 creatures vanquished

Notes
Turn   | Place    | Note
--------------------------------------------------------------
     0 | D:1      | M4edhros the Octopode Artificer began the quest for the Orb.
     0 | D:1      | Reached XP level 1. HP: 13/13 MP: 3/3
    41 | D:1      | Reached skill level 2 in Stealth
    60 | D:1      | Reached XP level 2. HP: 13/18 MP: 4/4
    64 | D:1      | Reached skill level 3 in Stealth
   627 | D:1      | Reached skill level 4 in Stealth
   632 | D:1      | Reached XP level 3. HP: 9/23 MP: 5/5
  1008 | D:1      | You fall through a shaft!
  1118 | D:2      | Reached skill level 5 in Stealth
  1493 | D:2      | Reached XP level 4. HP: 17/28 MP: 6/6
  1783 | D:2      | Found a stormy altar of Qazlal.
  1868 | D:2      | Found a sparkling altar of Nemelex Xobeh.
  1873 | D:2      | Reached skill level 6 in Stealth
  2470 | D:3      | Reached XP level 5. HP: 33/33 MP: 7/7
  2682 | D:3      | Found a deep blue altar of Sif Muna.
  2724 | D:3      | Reached skill level 7 in Stealth
  3227 | D:4      | Found a staircase to the Ecumenical Temple.
  3227 | D:4      | Noticed a slave
  3227 | D:4      | Noticed a slave
  3228 | D:4      | Noticed Pikel
  3242 | D:4      | Noticed a slave
  3244 | D:4      | Noticed a slave
  3283 | Temple   | Entered the Ecumenical Temple
  3309 | Temple   | Became a worshipper of Fedhas Madash
  4164 | D:4      | Reached skill level 8 in Stealth
  4164 | D:4      | Reached XP level 6. HP: 36/38 MP: 8/8
  4362 | D:4      | Reached skill level 9 in Stealth
  4671 | D:5      | Entered Level 5 of the Dungeon
  4693 | D:5      | Reached skill level 10 in Stealth
  4876 | D:5      | Reached XP level 7. HP: 43/43 MP: 9/9
  5244 | D:5      | Found a shimmering altar of Xom.
  5426 | D:5      | Found Doseihud's Quality Used Wands.
  5430 | D:5      | Reached skill level 5 in Dodging
  5660 | D:5      | Noticed M4edhros's ghost (novice OpAr)
  5707 | D:6      | Reached * piety under Fedhas
  5709 | D:6      | Found a bloodstained altar of Trog.
  6171 | D:6      | Noticed a wyvern
  6171 | D:6      | an orc warrior changed into a wyvern
  6177 | D:6      | Killed a wyvern
  6177 | D:6      | Reached XP level 8. HP: 21/48 MP: 10/10
  6416 | D:6      | Learned a level 3 spell: Regeneration
  6435 | D:6      | Reached skill level 1 in Necromancy
  6622 | D:4      | Killed Pikel
  7624 | D:7      | Reached skill level 1 in Slings
  7624 | D:7      | Reached XP level 9. HP: 53/53 MP: 11/11
  7771 | D:7      | Found a shattered altar of Ashenzari.
  8189 | D:7      | Found a basalt altar of Yredelemnul.
  8194 | D:7      | Reached ** piety under Fedhas
  8684 | D:8      | Reached skill level 5 in Slings
  8684 | D:8      | Reached skill level 1 in Shields
  8831 | D:8      | Noticed Grum
  8946 | D:8      | Killed Grum
  8950 | D:8      | Gained mutation: One of your tentacles bears a spike. [potion of mutation]
  8950 | D:8      | Gained mutation: Your muscles are strong. (Str +2) [potion of mutation]
  8950 | D:8      | Gained mutation: You possess an exceptional clarity of mind. [potion of mutation]
  9126 | D:8      | Noticed Erica
  9138 | D:8      | Killed Erica
  9138 | D:8      | Reached XP level 10. HP: 38/58 MP: 12/12
  9248 | D:8      | Noticed Psyche
  9283 | D:8      | Killed Psyche
  9283 | D:8      | Reached skill level 5 in Shields
  9657 | D:9      | Noticed a spiny frog
  9673 | D:9      | Killed a spiny frog
  9725 | D:9      | Found a staircase to the Lair.
 10091 | D:9      | Reached skill level 1 in Invocations
 10388 | D:9      | Found a shadowy altar of Dithmenos.
 10849 | D:10     | Entered Level 10 of the Dungeon
 11015 | D:10     | Gained mutation: You are robust (+10% HP). [potion of mutation]
 11015 | D:10     | Gained mutation: You are very robust (+20% HP). [potion of mutation]
 11329 | D:10     | Lost mutation: You are very robust (+20% HP). [mutagenic meat]
 11330 | D:10     | Gained mutation: You are clumsy. (Dex -2) [mutagenic meat]
 11758 | D:11     | Noticed a cyclops
 11784 | D:11     | Killed a cyclops
 11934 | D:11     | Noticed a manticore
 11952 | D:11     | Killed a manticore
 11952 | D:11     | Reached skill level 5 in Invocations
 11970 | D:11     | Noticed a hill giant
 11996 | D:11     | Killed a hill giant
 11996 | D:11     | Reached XP level 11. HP: 49/69 MP: 13/15
 12169 | D:11     | Noticed an unseen horror
 12428 | D:11     | Found a glowing silver altar of Zin.
 12428 | D:11     | Found a runed door.
 12430 | D:11     | Noticed an angel
 12444 | D:11     | HP: 2/69 [howler monkey (2)]
 12472 | D:11     | Gained mutation: Your flesh is heat resistant. [mutagenic meat]
 12473 | D:11     | Lost mutation: Your muscles are strong. (Str +2) [mutagenic meat]
 12474 | D:11     | Gained mutation: You are very clumsy. (Dex -4) [mutagenic meat]
 12475 | D:11     | Gained mutation: You expend magic power (3 MP) to strengthen your wands. [mutagenic meat]
 12478 | D:11     | Shot with an arrow by a centaur

Vault maps used:
D:1:      lightli_molten_gateway, corexii_hall_statues_x
D:2:      nemelex_xobeh_ov_fountains_minmay, nicolae_overflow_crystal_walls,
          first_bread, minmay_misc_feat_rows
D:3:      led_sif_pool
D:4:      minmay_temple_entry_junction, uniq_pikel
D:5:      old_standard_altar, nicolae_for_you_no_charge
D:6:      marbit_many_paths, minmay_bad_closet
D:7:      lemuel_mausoleum_altar_yredelemnul, nicolae_ashenzari_panopticon,
          minmay_misc_feat_chi
D:8:      uniq_psyche, uniq_grum, uniq_erica
D:9:      lemuel_crystal_altar, dpeg_lair_monsters
D:10:     serial_co_window_serial, co_window_paths_b, co_window_paths_b,
          co_window_corner_a, co_window_of_opportunity_a, co_window_paths_b,
          co_window_of_opportunity_c, co_window_broadway_a,
          co_window_unsneaky_path_b, glass_columns_c, glass_columns_a,
          glass_columns_b, glass_columns_a
D:11:     david_orc_4, hangedman_little_slice_of_home, lemuel_angel_altar
Temple:   minmay_crystal_spiral_temple_12

Skill      XL: |  1  2  3  4  5  6  7  8  9 10 11 |
---------------+----------------------------------+-----
Stealth        | 2 4 5 6 8 10 | 10.1
Dodging        | 5 7 |  7.3
Necromancy     | 4 |  4.0
Slings         | 1 6 7 |  7.6
Shields        | 4 7 8 |  8.4
Invocations    | 5 6 |  6.6
Fighting       | |  1.0
Short Blades   | |  1.0
Evocations     | |  3.2

Action                   |  1- 3 |  4- 6 |  7- 9 | 10-12 || total
-------------------------+-------+-------+-------+-------++-------
Melee: Short sword       |    80 |   122 |       |       ||   202
       Constrict         |    21 |    27 |    43 |     4 ||    95
       Tentacles         |     7 |    19 |    44 |     2 ||    72
       Dagger            |       |    14 |   202 |    11 ||   227
       Kick              |       |       |       |     6 ||     6
 Fire: Hunting sling     |       |       |    97 |   297 ||   394
 Cast: Regeneration      |       |       |     5 |       ||     5
Invok: Evolution         |       |       |     7 |     7 ||    14
       Sunlight          |       |       |       |     6 ||     6
Evoke: Wand              |     1 |    11 |    24 |    31 ||    67
  Use: Potion            |     1 |     5 |     4 |     4 ||    14
       Scroll            |       |     1 |    12 |     7 ||    20
 Stab: Sleeping          |    10 |    30 |    21 |       ||    61
       Confused          |       |       |     3 |     2 ||     5
  Eat: Chunk             |     2 |     4 |       |     7 ||    13
       Meat ration       |       |     1 |     3 |     1 ||     5
       Pizza             |       |     1 |       |       ||     1
       Beef jerky        |       |       |     1 |     1 ||     2
Armor: Skin              |     4 |    14 |     8 |    20 ||    46
Dodge: Dodged            |    39 |    57 |    99 |    52 ||   247
Block: Buckler           |       |       |     5 |     5 ||    10
       Shield            |       |       |       |    46 ||    46
